 Dungeon Crawl Stone Soup version 0.30-a0-672-gc3a7216ad8 (webtiles) character file.

Game seed: 1822534324733355781

382 Leeroy the Grasshopper (level 6, -2/49 (51) HPs)
             Began as a Gnoll Warper on Jan 18, 2023.
             Was a Follower of Okawaru.
             Slain by a gnoll bouda
             ... wielding a +0 whip
              (11 damage)
             ... on level 6 of the Dungeon.
             The game lasted 00:08:44 (4187 turns).

Leeroy the Grasshopper (Gnoll Warper)               Turns: 4187, Time: 00:08:45

HP:   -2/49 (51)    AC: -6    Str: 10    XL:     6   Next: 76%
MP:   10/14         EV: 13    Int: 13    God:    Okawaru [*.....]
Gold: 164           SH:  0    Dex: 13    Spells: 3/15 levels left

rFire   . . .      SeeInvis .    a - +0 falchion
rCold   . . .      Faith    +    (no shield)
rNeg    . . .      Spirit   .    b - +0 leather armour
rPois   .          Reflect  .    q - +0 helmet
rElec   .          Harm     .    (no cloak)
rCorr   .          Rampage  .    s - +0 pair of gloves
Will    .....                    (no boots)
Stlth   ++                       f - amulet of faith
HPRegen 0.28/turn                (no ring)
MPRegen 0.14/turn                (no ring)

@: corroded, lightly drained
A: fangs 1, strong nose, distributed training
a: Renounce Religion, Heroism


You were on level 6 of the Dungeon.
You worshipped Okawaru.
Okawaru was aware of your devotion.
You visited 2 branches of the dungeon, and saw 7 of its levels.

You collected 164 gold pieces.

Inventory:

Hand Weapons
 a - a +0 falchion (weapon)
 e - a +0 short sword of speed
 o - a +2 heavy spear
 r - a +0 dagger
Missiles
 d - 2 boomerangs of dispersal
 B - 3 boomerangs (quivered)
 E - a throwing net
Armour
 b - a +0 leather armour (worn)
 i - a +0 buckler
 m - a +0 ring mail
 p - a +0 animal skin
 q - a +0 helmet (worn)
 s - a +0 pair of gloves (worn)
 y - an orb of energy
Magical Staves
 t - a staff of death
Jewellery
 f - an amulet of faith (around neck)
 x - an amulet of regeneration
 F - a +6 ring of dexterity
Scrolls
 c - 2 scrolls of blinking
 g - a scroll of fog {unknown}
 l - a scroll of silence {unknown}
 u - a scroll of identify {unknown}
 v - a scroll of fear {unknown}
 A - a scroll of enchant weapon {unknown}
 C - a scroll of butterflies {unknown}
 D - a scroll of vulnerability {unknown}
Potions
 h - 3 potions of curing
 j - a potion of heal wounds {unknown}
 k - a potion of brilliance {unknown}
 n - a potion of haste {unknown}
 w - a potion of lignification {unknown}
 z - a potion of invisibility {unknown}


   Skills:
 + Level 5.1 Fighting
 + Level 2.2 Short Blades
 + Level 5.1 Long Blades
 + Level 2.2 Axes
 + Level 2.2 Maces & Flails
 + Level 2.2 Polearms
 + Level 2.2 Staves
 + Level 2.2 Ranged Weapons
 + Level 3.4 Throwing
 + Level 3.4 Armour
 + Level 5.1 Dodging
 + Level 2.2 Stealth
 + Level 2.2 Shields
 + Level 2.2 Unarmed Combat
 + Level 5.4 Spellcasting
 + Level 1.7 Conjurations
 + Level 1.7 Hexes
 + Level 1.7 Summonings
 + Level 1.7 Necromancy
 + Level 5.7 Translocations
 + Level 1.7 Transmutations
 + Level 1.7 Fire Magic
 + Level 1.7 Ice Magic
 + Level 1.7 Air Magic
 + Level 1.7 Earth Magic
 + Level 1.7 Poison Magic
 + Level 2.4 Invocations
 + Level 2.2 Evocations


You had 3 spell levels left.
You knew the following spells:

 Your Spells              Type           Power      Damage    Failure   Level
a - Blink                 Tloc           36%        N/A       3%          2
b - Vhi's Electric Charg  Tloc/Air       26%        N/A       16%         3
c - Manifold Assault      Tloc           18%        N/A       22%         4
d - Teleport Other        Tloc           18%        N/A       7%          3

Your spell library contained the following spells:

 Spells                   Type           Power      Damage    Failure   Level
 Lesser Beckoning         Tloc           36%        N/A       3%          2
 Momentum Strike          Conj/Tloc      26%        3d8       8%          2
 Eringya's Noxious Bog    Tmut/Pois      4%         N/A       100%        6
 Summon Forest            Summ/Tloc      Unusable   N/A       N/A         5
 Summon Hydra             Summ           Unusable   N/A       N/A         7

Dungeon Overview and Level Annotations

Branches:
Dungeon (6/15)             Temple (1/1) D:4

Altars:
Ashenzari
Cheibriados
Dithmenos
Elyvilon
Fedhas
Gozag
Hepliaklqana
Kikubaaqudgha
Makhleb
Nemelex Xobeh
Okawaru
Ru
Uskayaw
Wu Jian
Yredelemnul
Zin
The Shining One

Shops:
D:3 [

Annotations:
D:5 Grinder


Innate Abilities, Weirdness & Mutations

You have very sharp teeth.
Your uncanny sense of smell can sniff out nearby items.
Your experience applies equally to all skills.


Message History

You are too injured to fight recklessly!
You are too injured to fight recklessly!
You are too injured to fight recklessly!
You hit the jelly but do no damage.
Your hands burn!
You bite the jelly, but do no damage.
The jelly is heavily wounded.
The jelly barely misses you.
You hit the jelly but do no damage.
Your hands burn!
* * * LOW HITPOINT WARNING * * *
The jelly is heavily wounded.
The jelly hits you.
* * * LOW HITPOINT WARNING * * *
The acid corrodes you!
You are splashed with acid.
* * * LOW HITPOINT WARNING * * *
You aren't carrying any items that you can evoke.
Unknown command.
Okay, then.
Casting: Blink (safe; 3% risk of failure)
Confirm with . or Enter, or press ? or * to list all spells.
You blink.
Found a fuming yellow potion.
You aren't carrying any items that you can evoke.
Unknown command.
Casting: Blink (safe; 3% risk of failure)
Confirm with . or Enter, or press ? or * to list all spells.
Aiming: Teleport Other (dangerous; 7% risk of failure)
Press: ? - help, Shift-Dir - straight line, f - jelly
Aim: a jelly (heavily wounded, chance to affect: 67%)
The jelly looks slightly unstable.
The jelly disappears!
You feel stable enough to blink again.
A sourceless malevolence fills the Dungeon... and a teleportation trap spontaneously manifests!
You are yanked towards a nearby monster!
Your surroundings suddenly seem different.
A gnoll bouda comes into view. It is wielding a +0 whip.
Found a long sword, a scroll labelled TUGISA YJOLA and a leather armour.
The gnoll bouda shouts!
You hear a shout!
You hit the gnoll bouda but do no damage.
You bite the gnoll bouda, but do no damage.
The gnoll bouda hits you with a +0 whip!
You die...

## #. #[ ∆ #.
#. #. .
#.#####....
#..@g....#
#..#...#.#
#..#...#
....)...#
..#.?......
##.#.#......#
# #. ........
.. ......##


You could see a gnoll bouda.

Vanquished Creatures
  An ogre (D:4)
  A hound (D:4)
  Jessica (D:2)
  2 iguanas (D:4)
  Robin (D:2)
  3 gnolls (D:3)
  4 adders
  An ufetubus (D:4)
  4 worms
  A dart slug (D:2)
  8 orcs (D:4)
  2 ball pythons
  7 endoplasms
  3 giant cockroaches
  15 goblins
  8 hobgoblins
  9 jackals
  5 kobolds
  A bat (D:1)
  2 frilled lizards
  8 rats
87 creatures vanquished.

Vanquished Creatures (others)
  9 plants (D:3)
9 creatures vanquished.

Grand Total: 96 creatures vanquished

Notes
Turn   | Place    | Note
-------+----------+-------------------------------------------
     0 | D:1      | Leeroy the Gnoll Warper began the quest for the Orb.
     0 | D:1      | Reached XP level 1. HP: 20/20 MP: 6/6
   222 | D:1      | Reached XP level 2. HP: 24/26 MP: 7/7
   280 | D:1      | Learned a level 2 spell: Blink
   833 | D:2      | Noticed Jessica
   843 | D:2      | Killed Jessica
   844 | D:2      | Reached skill level 5 in Spellcasting
   844 | D:2      | Reached skill level 1 in Invocations
   844 | D:2      | Reached XP level 3. HP: 29/31 MP: 7/9
   891 | D:2      | Reached skill level 1 in Short Blades
   891 | D:2      | Reached skill level 1 in Axes
   891 | D:2      | Reached skill level 1 in Maces & Flails
   891 | D:2      | Reached skill level 1 in Polearms
   891 | D:2      | Reached skill level 1 in Staves
   891 | D:2      | Reached skill level 1 in Ranged Weapons
   891 | D:2      | Reached skill level 1 in Stealth
   891 | D:2      | Reached skill level 1 in Shields
   891 | D:2      | Reached skill level 1 in Unarmed Combat
   891 | D:2      | Reached skill level 1 in Evocations
   985 | D:2      | Noticed Robin
   999 | D:2      | Reached XP level 4. HP: 35/38 MP: 11/11
  1047 | D:2      | Killed Robin
  1051 | D:2      | Reached skill level 1 in Conjurations
  1051 | D:2      | Reached skill level 1 in Hexes
  1051 | D:2      | Reached skill level 1 in Summonings
  1051 | D:2      | Reached skill level 1 in Necromancy
  1051 | D:2      | Reached skill level 1 in Transmutations
  1051 | D:2      | Reached skill level 1 in Fire Magic
  1051 | D:2      | Reached skill level 1 in Ice Magic
  1051 | D:2      | Reached skill level 1 in Air Magic
  1051 | D:2      | Reached skill level 1 in Earth Magic
  1051 | D:2      | Reached skill level 1 in Poison Magic
  1065 | D:2      | Learned a level 3 spell: Vhi's Electric Charge
  1070 | D:2      | Learned a level 4 spell: Manifold Assault
  1074 | D:2      | Learned a level 3 spell: Teleport Other
  1365 | D:2      | Found a faded altar of an unknown god.
  1706 | D:2      | Reached XP level 5. HP: 35/43 MP: 12/12
  2093 | D:3      | Found a white marble altar of Elyvilon.
  2098 | D:3      | Found an iron altar of Okawaru.
  2099 | D:3      | Found a burning altar of Makhleb.
  2099 | D:3      | Found an ornate altar of the Wu Jian Council.
  2101 | D:3      | Found a broken altar of Ashenzari.
  2103 | D:3      | Found a snail-covered altar of Cheibriados.
  2113 | D:3      | Became a worshipper of Warmaster Okawaru
  2168 | D:3      | Found a shadowy altar of Dithmenos.
  2171 | D:3      | Found a sacrificial altar of Ru.
  2362 | D:3      | Found a blossoming altar of Fedhas.
  2802 | D:4      | Noticed an ogre
  2802 | D:4      | Found the +6 shillelagh "Devastator" {shatter}
  3005 | D:3      | Reached XP level 6. HP: 43/50 MP: 13/13
  3142 | D:3      | Found Rozupri's Armour Boutique.
  3435 | D:4      | Found a staircase to the Ecumenical Temple.
  3442 | D:4      | Reached skill level 5 in Fighting
  3442 | D:4      | Reached skill level 5 in Long Blades
  3442 | D:4      | Reached skill level 5 in Dodging
  3478 | D:4      | Reached * piety under Okawaru
  3785 | Temple   | Entered the Ecumenical Temple
  3957 | D:4      | Noticed Grinder
  3966 | D:4      | Paralysed by Grinder for 2 turns
  3979 | D:5      | Entered Level 5 of the Dungeon
  3980 | D:5      | Noticed an ice beast
  4187 | D:6      | Slain by a gnoll bouda

Illustrated notes

Levels and vault maps discovered:
D:1:      dpeg_arrival_castle, layout_basic, minmay_tripent
D:2:      layout_loops_ring, hellmonk_ecumenical_altar_pennies_from_heaven,
          dreamdust_princess_bridge, lemuel_flame_loot_1, uniq_jessica,
          uniq_robin
D:3:      layout_loops_ring, mainiacjoe_overflow_chevrons, minitemple,
          mainiacjoe_overflow_catwalk_spiral, serial_shops, shop
D:4:      layout_rooms, mainiacjoe_overflow_alcove_4, marbit_many_paths,
          minmay_temple_entry_arrows, dilly_guarded_unrand_devastator,
          uniq_grinder
D:5:      layout_loops_cross, amcnicky_altar_gilded, uniq_duvessa,
          uniq_prince_ribbit1
D:6:      layout_loops_cross, lightli_church_of_beogh
Temple:   nicolae_temple_ecumenical_triangle

Skill      XL: |  1  2  3  4  5  6 |
---------------+-------------------+-----
Spellcasting   | 5 |  5.4
Invocations    | 1 2 |  2.4
Short Blades   | 1 2 |  2.2
Axes           | 1 2 |  2.2
Maces & Flails | 1 2 |  2.2
Polearms       | 1 2 |  2.2
Staves         | 1 2 |  2.2
Ranged Weapons | 1 2 |  2.2
Stealth        | 1 2 |  2.2
Shields        | 1 2 |  2.2
Unarmed Combat | 1 2 |  2.2
Evocations     | 1 2 |  2.2
Conjurations   | 1 |  1.7
Hexes          | 1 |  1.7
Summonings     | 1 |  1.7
Necromancy     | 1 |  1.7
Transmutations | 1 |  1.7
Fire Magic     | 1 |  1.7
Ice Magic      | 1 |  1.7
Air Magic      | 1 |  1.7
Earth Magic    | 1 |  1.7
Poison Magic   | 1 |  1.7
Throwing       | 3 |  3.4
Armour         | 3 |  3.4
Fighting       | 5 |  5.1
Long Blades    | 5 |  5.1
Dodging        | 5 |  5.1
Translocations | |  5.7

Action                   |  1- 3 |  4- 6 || total
-------------------------+-------+-------++-------
Melee: Short sword       |    99 |   165 ||   264
       Falchion          |     7 |   226 ||   233
       Bite              |    14 |    44 ||    58
       Punch             |     1 |     5 ||     6
Throw: Boomerang         |       |     9 ||     9
       Throwing net      |       |     2 ||     2
 Cast: Blink             |       |     6 ||     6
       Manifold Assault  |       |     4 ||     4
       Teleport Other    |       |     2 ||     2
       Vhi's Electric Ch |       |     2 ||     2
 Stab: Sleeping          |     1 |     2 ||     3
       Held in net/web   |       |     1 ||     1
Armor: Leather armour    |    23 |    72 ||    95
Dodge: Dodged            |    60 |   254 ||   314

Table legend: (Time is in decaauts)
 A = Elapsed time spent in this place.
 B = Non-inter-level travel time spent in this place.
 C = Inter-level travel time spent in this place.
 D = Time resting spent in this place.
 E = Time spent auto-exploring this place.
 F = Levels seen in this place.
 G = Mean time per level.
                   A        B        C        D        E       F      G
               +--------+--------+--------+--------+--------+-----+--------+
         Total |   4102 |   3955 |    147 |    316 |   2563 |   7 |  586.0 |
       Dungeon |   3938 |   3808 |    130 |    316 |   2424 |   6 |  656.3 |
        Temple |    163 |    146 |     17 |      0 |    139 |   1 |  163.0 |
               +--------+--------+--------+--------+--------+-----+--------+

Top non-repeatable levels by time:
     D:2: 1138 daAuts
     D:3: 1130 daAuts
     D:1: 773 daAuts
     D:4: 688 daAuts
  Temple: 163 daAuts
     D:6: 135 daAuts
     D:5: 72 daAuts
